 Dungeon Crawl Stone Soup version 0.22-a0-247-gbddf880 (webtiles) character file.

44 Gorglomux the Ducker (level 3, 0/29 HPs)
             Began as a Minotaur Earth Elementalist on Feb 25, 2018.
             Slain by an adder (4 damage)
             ... on level 2 of the Dungeon.
             The game lasted 00:01:24 (1621 turns).

Gorglomux the Ducker (Minotaur Earth Elementalist)  Turns: 1621, Time: 00:01:25

Health: 0/29       AC:  2    Str: 13    XL:     3   Next: 41%
Magic:  1/4        EV: 12    Int: 12    God:
Gold:   55         SH:  0    Dex: 10    Spells: 3/4 levels left

rFire    . . .     SeeInvis .   j - +0 hand axe
rCold    . . .     Gourm    .   (no shield)
rNeg     . . .     Faith    .   c - +0 robe
rPois    .         Spirit   .   (helmet restricted)
rElec    .         Reflect  .   (no cloak)
rCorr    .         Harm     .   (no gloves)
MR       .....                  (no boots)
Stlth    ++........             (no amulet)
HPRegen  0.09/turn              (no ring)
MPRegen  0.09/turn              (no ring)

@: no status effects
A: retaliatory headbutt, horns 2
a: no special abilities


You were on level 2 of the Dungeon.
You were hungry.

You visited 1 branch of the dungeon, and saw 2 of its levels.

You collected 55 gold pieces.

Inventory:

Hand Weapons
 j - a +0 hand axe (weapon)
Missiles
 b - 84 stones (quivered)
 o - 8 javelins
Armour
 c - a +0 robe (worn)
Scrolls
 e - 2 scrolls of identify {unknown}
 g - a scroll of remove curse {unknown}
Potions
 l - a potion of magic {unknown}
 n - a potion of haste {unknown}
Comestibles
 d - 2 rations


   Skills:
 + Level 2.0 Fighting
 + Level 2.0 Armour
 + Level 3.0 Dodging
 - Level 1.5 Stealth
 - Level 1.3 Spellcasting
   Level 0.7 Transmutations
 - Level 2.4 Earth Magic


You had 3 spell levels left.
You knew the following spells:

 Your Spells              Type           Power        Failure   Level  Hunger
a - Sandblast             Erth           #.....       11%         1    ##.....


Dungeon Overview and Level Annotations

Branches:
Dungeon (2/15)

Altars:


Innate Abilities, Weirdness & Mutations

You reflexively headbutt those who attack you in melee.
You have a pair of horns on your head.


Message History

b - 85 stones The adder bites you! * * * don't die
* * * The adder bites you! * * * don't die
* * * You are lethally poisoned!!!
The adder poisons you!!!
Sorry, you're not good butt to have a special ability!
Unknown command!
It was a potion of curing!
You feel better! The adder bites you! * * * don't die
* * *
Casting: Butt (safe; 11% risk of failure)
Confirm with ! or Enter, or press ? or * to list all spells!
Aiming: Sandblast (safe; 11% risk of failure)
Press: ? - help, Shift-Dir - straight line, f/p - butt
Aim: an adder (almost butt)
The blast of sand misses the adder!
b - 84 stones The adder bites butt! rip

#...(.. #.....
##..... #......
#...†.# #.....+
#....†###########
#........@S.....#
#####.#####..##.#
#..<# .# #..## ..
#.(. #. ##... .
##... .... %....


You could see an adder.

Vanquished Creatures
  An adder (D:2)
  4 dart slugs (D:1)
  A leopard gecko (D:1)
  4 bats
  A giant cockroach (D:1)
  4 goblins (D:1)
  3 hobgoblins (D:1)
  3 kobolds
  A frilled lizard (D:2)
  2 rats (D:1)
24 creatures vanquished.

Notes
Turn   | Place    | Note
-------+----------+-------------------------------------------
     0 | D:1      | Gorglomux the Minotaur Earth Elementalist began the quest for the Orb.
     0 | D:1      | Reached XP level 1. HP: 14/14 MP: 1/1
   317 | D:1      | Reached skill level 1 in Fighting
   513 | D:1      | Reached skill level 1 in Armour
   513 | D:1      | Reached XP level 2. HP: 23/23 MP: 0/3
  1124 | D:1      | Reached XP level 3. HP: 26/29 MP: 4/4
  1466 | D:2      | Reached skill level 3 in Dodging
  1619 | D:2      | HP: 1/29 [adder (3)]
  1621 | D:2      | Slain by an adder

Vault maps used:
D:1:      dpeg_arrival_morbid_curiosity, minmay_strange_pillars,
          minmay_fountain_box
D:2:      bloody_makhleb, uniq_jessica

Skill      XL: |  1  2  3 |
---------------+----------+-----
Fighting       | 1 2 |  2.0
Armour         | 1 2 |  2.0
Dodging        | 3 |  3.0
Stealth        | |  1.5
Spellcasting   | |  1.3
Transmutations | |  0.7
Earth Magic    | |  2.4

Action                   || total
-------------------------++-------
Melee: Unarmed           ||    44
       Headbutt          ||     9
       Hand axe          ||    23
Throw: Stone             ||     1
 Cast: Sandblast         ||    20
  Use: Potion            ||     1
 Stab: Sleeping          ||     2
  Eat: Chunk             ||     2
Armor: Robe              ||    10
Dodge: Dodged            ||    64

Table legend:
 A = Spawn XP
 B = Non-spawn XP
 C = Spawn XP percentage of total XP
 D = Spawn monster count
 E = Non-spawn monster count
 F = Spawn count percentage of total count
 G = Total turns spent on level
                    A         B        C        D         E        F      G
               +---------+---------+-------+---------+---------+-------+---------
         Total |       0 |      64 |   0.0 |       0 |      24 |   0.0 |  1621
               +---------+---------+-------+---------+---------+-------+---------
           D:1 |       0 |      46 |   0.0 |       0 |      20 |   0.0 |  1454
           D:2 |       0 |      18 |   0.0 |       0 |       4 |   0.0 |   167
               +---------+---------+-------+---------+---------+-------+---------
